 Dungeon Crawl Stone Soup version 0.32-a0-996-gb3226c233f (webtiles) character file.

Game seed: 11296080092219955727

135 Ijustatesigmund the Chopper (level 4, -6/41 HPs)
             Began as a Mountain Dwarf Monk on Apr 23, 2024.
             Mangled by Crazy Yiuf
             ... wielding a +2 quarterstaff of chaos
              (15 damage)
             ... on level 3 of the Dungeon.
             The game lasted 00:02:50 (2751 turns).

Ijustatesigmund the Chopper (Mountain Dwarf Monk)   Turns: 2751, Time: 00:02:51

Health: -6/41      AC:  7    Str: 20    XL:     4   Next: 96%
Magic:  4/4        EV:  2    Int: 12    God:
Gold:   118        SH:  0    Dex: 12    Spells: 3/3 levels left

rFire   . . .        a - +0 hand axe
rCold   . . .        d - orb {light}
rNeg    . . .        b - +0 scale mail
rPois   .            (no helmet)
rElec   .            (no cloak)
rCorr   .            k - +0 pair of gloves
SInv    .            (no boots)
Will    .....        (no amulet) Stlth
                     i - +6 ring of strength
HPRegen 0.26/turn    (no ring)
MPRegen 0.09/turn

%: no passive effects
@: sleeping, weak-willed, glowing
A: runic magic, artefact enchanting
a: no special abilities


You were on level 3 of the Dungeon.
You visited 1 branch of the dungeon, and saw 3 of its levels.

You collected 144 gold pieces.
You spent 26 gold pieces at shops.

Inventory:

Hand Weapons
 a - a +0 hand axe (weapon)
Armour
 b - a +0 scale mail (worn)
 d - an orb of light (worn)
 k - a +0 pair of gloves (worn)
Jewellery
 i - a +6 ring of strength (left hand)
Scrolls
 c - a scroll of vulnerability {unknown}
 e - 2 scrolls of teleportation {unknown}
 f - 3 scrolls of identify
 h - a scroll of noise {unknown}
 j - 2 scrolls of acquirement {unknown}
 l - 3 scrolls of enchant weapon {unknown}
 m - a scroll of immolation {unknown}


   Skills:
 + Level 4.6 Fighting
 + Level 5.1 Axes
 + Level 2.2 Armour
 - Level 2.1 Dodging


You had 3 spell levels left.
You didn't know any spells.
Your spell library contained the following spells:

 Spells                   Type           Power      Damage    Failure   Level
 Apportation              Tloc           0%         N/A       38%         1
 Jinxbite                 Hex            0%         N/A       54%         2
 Mercury Vapours          Alch/Air       0%         N/A       54%         2
 Searing Ray              Conj           0%         2d4       54%         2
 Frozen Ramparts          Ice            0%         1d1       77%         3
 Ozocubu's Armour         Ice            0%         N/A       77%         3
 Ignite Poison            Fire/Alch      0%         N/A       99%         4
 Alistair's Intoxication  Alch           0%         N/A       100%        5
 Irradiate                Conj/Alch      0%         3d11      100%        5
 Metabolic Englaciation   Hex/Ice        0%         N/A       100%        5


Dungeon Overview and Level Annotations

Branches:
Dungeon (3/15)

Altars:

Shops:
D:1 :?*

Annotations:
D:3 Crazy Yiuf


Innate Abilities, Weirdness & Mutations

Your spellcasting is much less encumbered by armour.
You can use scrolls of enchantment on lesser artefacts.


Message History

Found a scroll labelled WOFOSO NISH.
The ball python closely misses you. The ball python grabs you.
The ball python constricts you.
The ball python bites you but does no damage.
The ball python constricts you.
You hit the ball python.
You kill the ball python!
No target in view!
No target in view!
No target in view!
No target in view!
No target in view!
No target in view!
No target in view!
No target in view!
You now have 118 gold pieces (gained 14).
c - a scroll labelled WOFOSO NISH
Found a stone staircase leading down.
Found a hammer.
Found a runed translucent door.
Crazy Yiuf shouts!
You open the door.
Crazy Yiuf grits, "Ghoul!"
You hit Crazy Yiuf.
Crazy Yiuf is lightly wounded.
Crazy Yiuf cries, "Mugger!
Earwax green head."
Crazy Yiuf hits you with a +2 quarterstaff of chaos.
Crazy Yiuf barely misses you.
You hit Crazy Yiuf.
Crazy Yiuf is moderately wounded.
Crazy Yiuf hits you with a +2 quarterstaff of chaos!
You hit Crazy Yiuf but do no damage.
Crazy Yiuf is moderately wounded.
Crazy Yiuf hits you with a +2 quarterstaff of chaos!
Your willpower is stripped away!
You hit Crazy Yiuf.
Crazy Yiuf is moderately wounded.
Crazy Yiuf hits you with a +2 quarterstaff of chaos.
* * * LOW HITPOINT WARNING * * *
You fall asleep.
Crazy Yiuf hits you with a +2 quarterstaff of chaos!
You die...

.# .# #.## #>. #
♣♣♣♣♣###.# .# ###
♣♣♣.♣.P.##.####..
#...#♣..♣...........#
#...g@♣♣♣♣.P........#
#)..#♣♣ ♣♣P.#......#
### ♣♣##......#
#......# #......#
###......#
#........##
#..........
#........##


You could see Crazy Yiuf.

Vanquished Creatures
  A bombardier beetle (D:3)
  An iguana (D:3)
  An adder (D:3)
  2 ribbon worms
  A dart slug (D:1)
  10 orcs (D:3)
  4 ball pythons
  2 endoplasms
  A giant cockroach (D:1)
  3 goblins
  5 hobgoblins
  A kobold (D:1)
  2 quokkas
  4 bats
  4 frilled lizards
  3 rats
45 creatures vanquished.

Notes
Turn   | Place    | Note
-------+----------+-------------------------------------------
     0 | D:1      | Ijustatesigmund the Mountain Dwarf Monk began the quest for
                  | the Orb.
     0 | D:1      | Reached XP level 1. HP: 19/19 MP: 1/1
    18 | D:1      | Found Tubiom's General Store.
   106 | D:1      | Found Catyaduv's Book Boutique.
   206 | D:1      | Reached skill level 4 in Axes
   206 | D:1      | Reached XP level 2. HP: 14/26 MP: 2/2
   287 | D:1      | Found Vistrofim's Magic Scroll Emporium.
   292 | D:1      | Bought a scroll of identify for 26 gold pieces
   922 | D:2      | Got the Vellum of Synthesis and Injury
  1068 | D:2      | Reached XP level 3. HP: 33/33 MP: 3/3
  1926 | D:3      | Reached skill level 1 in Armour
  1926 | D:3      | Reached XP level 4. HP: 39/40 MP: 4/4
  2056 | D:3      | Reached skill level 5 in Axes
  2742 | D:3      | Found a runed translucent door.
  2743 | D:3      | Noticed Crazy Yiuf
  2751 | D:3      | Mangled by Crazy Yiuf

Illustrated notes

Levels and vault maps discovered:
D:1:      dpeg_arrival_windows_large_door, layout_basic, serial_shops,
          shop_statue, shop, nicolae_shop_just_a_little_nook,
          minmay_misc_feat_ornament
D:2:      layout_basic, minmay_pentomino_pile
D:3:      layout_basic, shapermc_ecumenical_altar_petra, uniq_crazy_yiuf_cottage

Skill      XL: |  1  2  3  4 |
---------------+-------------+-----
Axes           | 4 5 |  5.1
Fighting       | 4 |  4.6
Armour         | 1 2 |  2.2
Dodging        | |  2.1

Action                     |  1- 3 |  4- 6 || total
---------------------------+-------+-------++-------
  Melee: Hand axe          |   102 |    62 ||   164
    Use: Potion            |     2 |       ||     2
 Armour: Robe              |    26 |       ||    26
         Scale mail        |    34 |    43 ||    77
  Dodge: Dodged            |    57 |    19 ||    76

Table legend: (Time is in decaauts)
 A = Elapsed time spent in this place.
 B = Non-inter-level travel time spent in this place.
 C = Inter-level travel time spent in this place.
 D = Time resting spent in this place.
 E = Time spent auto-exploring this place.
 F = Levels seen in this place.
 G = Mean time per level.
                   A        B        C        D        E       F      G
               +--------+--------+--------+--------+--------+-----+--------+
         Total |   2763 |   2711 |     52 |    367 |   1963 |   3 |  921.0 |
       Dungeon |   2763 |   2711 |     52 |    367 |   1963 |   3 |  921.0 |
               +--------+--------+--------+--------+--------+-----+--------+

Top non-repeatable levels by time:
     D:3: 1043 daAuts
     D:2: 983 daAuts
     D:1: 735 daAuts
